[Event "*** SCC Grand Prix: Titled Tuesday Blitz"]
[Site "Chess.com"]
[Date "2020.08.25"]
[Round "2"]
[White "Nayemhaque22"]
[Black "ThePatrick27"]
[Result "0-1"]
[WhiteElo "2253"]
[BlackElo "2458"]
[TimeControl "180+1"]
[EndTime "10:18:46 PDT"]
[Termination "ThePatrick27 won by resignation"]

1. e4 e6 2. d4 d5 3. Nc3 Bb4 4. e5 c5 5. a3 Bxc3+ 6. bxc3 Qa5 7. Bd2 Qa4 8. Nf3 b6 9. Bd3 Ba6 10. O-O Ne7 11. Ng5 Bxd3 12. cxd3 Qxd1 13. Rfxd1 cxd4 14. cxd4 Nbc6 15. Nf3 Nf5 16. Bc3 Rc8 17. Rdc1 Kd7 18. h3 h6 19. g4 Nfe7 20. Bb4 Ng6 21. Bd2 Nce7 22. a4 Rxc1+ 23. Bxc1 Rc8 24. a5 b5 25. a6 Rc3 26. Rb1 Kc6 27. Ne1 Kb6 28. Bd2 Rc8 29. Bb4 Nc6 30. Bc5+ Kxa6 31. Nc2 Ncxe5 32. Ra1+ Kb7 33.
Rxa7+ Kb8 34. Nb4 Rxc5 35. Ra1 Nf3+ 36. Kg2 Nfh4+ 37. Kg3 Rc8 38. Na6+ Kb7 39. Nc5+ Kc7 40. Ra7+ Kc6 41. Ra6+ Kc7 42. Ra7+ Kd8 43. Rxf7 Rc6 44.
Rxg7 Rb6 45. f4 b4 46. Nb3 Ra6 47. Rb7 Ra2 0-1

[Event "*** SCC Grand Prix: Titled Tuesday Blitz"]
[Site "Chess.com"]
[Date "2020.08.25"]
[Round "2"]
[White "Keithonsky"]
[Black "RaunakSadhwani2005"]
[Result "0-1"]
[WhiteElo "2545"]
[BlackElo "2864"]
[TimeControl "180+1"]
[EndTime "10:18:48 PDT"]
[Termination "RaunakSadhwani2005 won by resignation"]

1. d4 f5 2. c4 Nf6 3. g3 g6 4. Bg2 Bg7 5. Nh3 O-O 6. Nc3 d6 7. d5 Na6 8. O-O Nc5 9. Nf4 e5 10. dxe6 c6 11. Qc2 Qe7 12. Rd1 Nxe6 13. Rb1 Nc5 14. Nd3 Nce4 15. Nxe4 fxe4 16. Ne1 Bf5 17. Be3 Ng4 18. Qd2 Rad8 19. Nc2 Qf7 20. h3 Nxe3 21. Nxe3 Bxh3 22. Bxh3 Qxf2+ 23. Kh1 Qxg3 24. Be6+ Kh8 25. Ng2 Rf6 26. Qe3 Qxe3 27. Nxe3 Rxe6 28. Rf1 Kg8 29. Kg2 Rf8 30. b3 Rxf1 31. Kxf1 h5 32. Rd1 Kf7 33. Kg2 Ke7 34. Kg3 Be5+ 35. Kh4 Bf6+ 36. Kg3 a5 37. a4 Re5 38. Rf1 d5 39. cxd5 cxd5 40. Rd1 d4 41. Rxd4 Rg5+ 42. Kf4 Bxd4 0-1

[Event "*** SCC Grand Prix: Titled Tuesday Blitz"]
[Site "Chess.com"]
[Date "2020.08.25"]
[Round "2"]
[White "Borsuk_Konstantin"]
[Black "Shield12"]
[Result "0-1"]
[WhiteElo "2540"]
[BlackElo "2860"]
[TimeControl "180+1"]
[EndTime "10:18:49 PDT"]
[Termination "Shield12 won by resignation"]

1. d4 Nf6 2. c4 e6 3. Nc3 Bb4 4. Qc2 O-O 5. a3 Bxc3+ 6. Qxc3 b6 7. Bg5 c5 8. dxc5 bxc5 9. Bxf6 Qxf6 10. Qxf6 gxf6 11.
O-O-O Nc6 12. h4 Rd8 13. h5 h6 14. Rh4 Rb8 15. Rd3 Kf8 16. Rg3 Ba6 17. e3 Rb3 18.
Rhg4 Ke7 19. Rg8 Rbb8 20. Rxd8 Rxd8 21. Nf3 f5 22. Nd2 Kf6 23. Kc2 Ne5 24. f3 d6 25.
f4 Nd7 26. Bd3 d5 27. b3 Nb6 28. Be2 Nc8 29. Bd3 Nd6 30. Be2 Ne4 31. Nxe4+ fxe4 32. Rh3 d4 33. Kb2 e5 34. fxe5+ Kxe5 35. Rf3 exf3 0-1

[Event "*** SCC Grand Prix: Titled Tuesday Blitz"]
[Site "Chess.com"]
[Date "2020.08.25"]
[Round "2"]
[White "BeanScreen"]
[Black "nickmatta"]
[Result "0-1"]
[WhiteElo "2681"]
[BlackElo "2484"]
[TimeControl "180+1"]
[EndTime "10:18:49 PDT"]
[Termination "nickmatta won by checkmate"]

1. e4 e5 2. Nf3 Nc6 3. Bc4 Nf6 4.
d3 Bc5 5. c3 O-O 6. Nbd2 a6 7.
a4 d6 8. Nf1 Re8 9. Ng3 h6 10.
O-O Ba7 11. Nh4 d5 12. exd5 Nxd5 13. Nhf5 Nf4 14. Qg4 Qg5 15. Qxg5 hxg5 16. Be3 g6 17. Nh6+ Kg7 18. Nxf7 Nxd3 19. Bxg5 Nxb2 20. Bd5 Be6 21. Bh6+ Kxf7 22. Bxe6+ Kxe6 23. Rab1 Nd3 24. Ne4 Nc5 25. Ng5+ Kf6 26. Kh1 Rh8 27. h4 Rxh6 28. g3 Bb6 29. Rbd1 Rd8 30. Rde1 Rhh8 31. Kg2 Rd3 32. f4 e4 33. Kh3 Rxc3 34. Kg4 Ne7 35. Rd1 Nf5 36.
a5 Rxg3# 0-1

[Event "*** SCC Grand Prix: Titled Tuesday Blitz"]
[Site "Chess.com"]
[Date "2020.08.25"]
[Round "2"]
[White "sergeikim"]
[Black "mfwagnerpeixoto"]
[Result "1-0"]
[WhiteElo "2502"]
[BlackElo "2273"]
[TimeControl "180+1"]
[EndTime "10:18:49 PDT"]
[Termination "sergeikim won on time"]

1. d4 e6 2. c4 f5 3. g3 Nf6 4. Bg2 d5 5. Nd2 c6 6. Nh3 Bd6 7. O-O O-O 8. Qc2 b6 9. Nf3 Bb7 10. Nf4 Qe8 11. Nd3 Nbd7 12. b4 Rc8 13. c5 Bb8 14.
Bf4 Ne4 15. Bxb8 Rxb8 16. a4 Ba6 17. b5 cxb5 18. c6 Qc8 19. Rfc1 Ndf6 20. axb5 Bxb5 21.
Rxa7 Ng4 22. Nfe5 Bxd3 23. Nxd3 f4 24. Bxe4 dxe4 25. Nxf4 e5 26. dxe5 Qf5 27. Qc4+ Kh8 28. Qe6 Qg5 29. Qe7 Qxe7 30. Rxe7 b5 31. c7 Rbc8 32.
Ne6 Rg8 33. Ng5 h6 34. Nxe4 b4 35. h3 1-0

[Event "*** SCC Grand Prix: Titled Tuesday Blitz"]
[Site "Chess.com"]
[Date "2020.08.25"]
[Round "2"]
[White "ShahMatKanal"]
[Black "Arseniy_Nesterov"]
[Result "0-1"]
[WhiteElo "2499"]
[BlackElo "2752"]
[TimeControl "180+1"]
[EndTime "10:18:51 PDT"]
[Termination "Arseniy_Nesterov won by resignation"]

1. d4 Nf6 2. c4 e6 3. a3 d5 4.
cxd5 exd5 5. Nc3 c6 6. Bg5 Be7 7. e3 O-O 8. Bd3 Re8 9. Nge2 Nbd7 10. O-O Nf8 11. b4 a6 12. Rb1 Ng6 13. a4 h6 14.
Bxf6 Bxf6 15. b5 axb5 16. axb5 Nh4 17. bxc6 bxc6 18. Qc2 Qd6 19. Ng3 Bd7 20. Na4 Ra7 21. Nc5 Bg4 22. Nf5 Bxf5 23. Bxf5 Nxf5 24. Qxf5 g6 25. Qc2 Rea8 26. Rb2 Ra1 27. Rbb1 R1a2 28. Rb2 Rxb2 29. Qxb2 Qxc5 30. Qb7 Qf8 31. Qxc6 Qd8 32. g3 Kg7 33. Rb1 Rc8 34. Qb7 Rc7 35. Qa6 h5 36. h4 Qd7 37. Kg2 Qe6 38. Rb6 Qe4+ 39. Kh2 Rc1 0-1

[Event "*** SCC Grand Prix: Titled Tuesday Blitz"]
[Site "Chess.com"]
[Date "2020.08.25"]
[Round "2"]
[White "KuzubovYuriy"]
[Black "Oglob71"]
[Result "1-0"]
[WhiteElo "2862"]
[BlackElo "2542"]
[TimeControl "180+1"]
[EndTime "10:18:52 PDT"]
[Termination "KuzubovYuriy won on time"]

1. d4 Nf6 2. Nf3 e6 3. c4 b6 4.
g3 Bb4+ 5. Bd2 a5 6. Bg2 Bb7 7. O-O O-O 8. Bf4 Be7 9. Nc3 Ne4 10. Qd3 Nxc3 11. bxc3 g6 12. e4 d6 13. Rab1 Nd7 14. Rfe1 Re8 15. Qc2 Ba6 16. Bf1 Bf6 17. Rbd1 Qe7 18. h4 e5 19. Bc1 c5 20. d5 Bg7 21.
Bg5 f6 22. Bd2 h6 23. h5 gxh5 24. Nh4 Nf8 25. Rb1 Rab8 26. Qd1 Qf7 27. Be2 Qc7 28. Bd3 Qf7 29. Be2 Qc7 30. Bxh5 Re7 31. Be2 Bc8 32. Kg2 Nh7 33. Rh1 Ng5 34. Bd3 Qd8 35. Qe2 Qe8 36. Bc2 Reb7 37. Rbf1 Re7 38. Qd1 Bd7 39. Rh2 Qc8 40.
Rfh1 Bg4 41. Qb1 Rf7 42. Bd1 h5 43. Bxg4 1-0

[Event "*** SCC Grand Prix: Titled Tuesday Blitz"]
[Site "Chess.com"]
[Date "2020.08.25"]
[Round "2"]
[White "serhanberat_ozdemir"]
[Black "Dedic8"]
[Result "0-1"]
[WhiteElo "2492"]
[BlackElo "2744"]
[TimeControl "180+1"]
[EndTime "10:18:53 PDT"]
[Termination "Dedic8 won by checkmate"]

1. e4 e5 2. Nf3 Nc6 3. d4 exd4 4. Bc4 Nf6 5. e5 d5 6. Bb5 Ne4 7. Nxd4 Bd7 8. Bxc6 bxc6 9. O-O Bc5 10. f3 Ng5 11. f4 Ne4 12. Be3 Qb8 13. Nc3 Nxc3 14. bxc3 Kf8 15.
f5 Qc8 16. e6 Bxd4 17. Bxd4 Be8 18. Qg4 f6 19. Rae1 h5 20. Qh4 Rh6 21. Be3 Rh7 22.
Bd4 Kg8 23. Rf3 Qd8 24. Rg3 Kh8 25. e7 Qd6 26. Re6 Qa3 27. h3 Bd7 28. Rxf6 Qxe7 29. Rxg7 Rxg7 30. Rh6+ Kg8 31. Qxh5 Rh7 32. Qg6+ Rg7 33.
Qh5 Qe1+ 34. Kh2 Qg3+ 35. Kh1 Qxg2# 0-1

[Event "*** SCC Grand Prix: Titled Tuesday Blitz"]
[Site "Chess.com"]
[Date "2020.08.25"]
[Round "2"]
[White "YIYUKI"]
[Black "Barys1974"]
[Result "1-0"]
[WhiteElo "2313"]
[BlackElo "2625"]
[TimeControl "180+1"]
[EndTime "10:18:54 PDT"]
[Termination "YIYUKI won by resignation"]

1. e4 c6 2. d3 d5 3. Nd2 g6 4. g3 Bg7 5. Bg2 e5 6. Ngf3 Ne7 7. O-O O-O 8. Re1 Nd7 9. exd5 cxd5 10.
c4 d4 11. a3 a5 12. Rb1 a4 13. b4 axb3 14. Qxb3 Nc5 15. Qc2 Nc6 16. Ne4 Nxe4 17. Rxe4 h6 18. Rh4 g5 19. Re4 Qc7 20. g4 f5 21.
gxf5 Bxf5 22. Re1 Rf7 23. Nd2 Raf8 24. Ne4 Nd8 25. Re2 Bg4 26. Re1 Ne6 27. Bd2 Bf3 28.
Bxf3 Rxf3 29. Bb4 Nf4 30. Bxf8 Bxf8 31. Qd1 Rxd3 32. Qg4 Qf7 33. Rb6 Rxa3 34. Reb1 d3 35. Nf6+ Kh8 36. h4 Qxc4 37. Qf5 Ne2+ 38. Kf1 Qf7 39.
Rxb7 Be7 40. Rxe7 Qxe7 41. Rb8+ 1-0

[Event "*** SCC Grand Prix: Titled Tuesday Blitz"]
[Site "Chess.com"]
[Date "2020.08.25"]
[Round "2"]
[White "GodDMuhammad"]
[Black "Ranindu2003"]
[Result "0-1"]
[WhiteElo "2287"]
[BlackElo "2611"]
[TimeControl "180+1"]
[EndTime "10:18:54 PDT"]
[Termination "Ranindu2003 won by resignation"]

1. e4 c5 2. d4 cxd4 3. c3 dxc3 4. Nxc3 e6 5. f4 Bb4 6. Nf3 Nf6 7. Bd3 d5 8. e5 Nfd7 9. h4 Nc6 10.
Bd2 Nc5 11. Bc2 d4 12. Nb5 O-O 13. Bxb4 Nxb4 14. Bxh7+ Kxh7 15. Ng5+ Kh6 16. Nd6 Nbd3+ 17. Kf1 Nxf4 18. Qxd4 Ncd3 19. g3 Qb6 20. Qxb6 axb6 21.
gxf4 Nxf4 22. Ndxf7+ Kg6 23. Kg1 Rxf7 24. Nxf7 Kxf7 25.
Rf1 Ra4 26. b3 Re4 27. Rh2 Ke7 28. Rhf2 Nh3+ 29. Kg2 Nxf2 30. Rxf2 Rxe5 31. Kg3 Rf5 32. Rc2 Bd7 33. Rc7 Rb5 34. Rxb7 Kd6 35. Kg4 e5+ 36.
Kg5 e4+ 37. Kg6 e3 38. Kxg7 e2 0-1

[Event "*** SCC Grand Prix: Titled Tuesday Blitz"]
[Site "Chess.com"]
[Date "2020.08.25"]
[Round "2"]
[White "Kaliopa"]
[Black "x-6099009240"]
[Result "1-0"]
[WhiteElo "2204"]
[BlackElo "2410"]
[TimeControl "180+1"]
[EndTime "10:18:54 PDT"]
[Termination "Kaliopa won by checkmate"]

1. d4 Nf6 2. c4 e6 3. Nc3 Bb4 4. e3 b6 5. Ne2 Bb7 6. a3 Be7 7.
d5 O-O 8. Ng3 a5 9. Be2 Bc5 10.
O-O Qe7 11. e4 h6 12. Kh1 Ne8 13. f4 f5 14. e5 d6 15. Bf3 dxe5 16. fxe5 Na6 17.
d6 cxd6 18. exd6 Nxd6 19. Bxb7 Qxb7 20. Qe2 Rae8 21. Nh5 Ne4 22. Nxe4 Qxe4 23. Qxe4 fxe4 24. Ng3 e3 25. Re1 Rf2 26. Bxe3 Bxe3 27. Rxe3 Rxb2 28. Rae1 Nc5 29. h3 Rf8 30. Kh2 Rff2 31. R1e2 Rfxe2 32. Nxe2 Rc2 33. Nf4 Kf7 34. Rf3 Ke8 35. Re3 Kd7 36.
Rg3 g5 37. Ng6 Rxc4 38. Ne5+ Kc7 39. Nxc4 a4 40. Nd2 b5 41. Re3 Kd6 42. Ne4+ Nxe4 43.
Rxe4 e5 44. Rb4 Kd5 45. Kg3 Kc5 46. Kf2 Kc6 47. Ke3 h5 48. Ke4 Kc5 49. Kxe5 g4 50.
hxg4 hxg4 51. Kf4 g3 52. Kxg3 Kc6 53. Kf4 Kc5 54. g4 Kc6 55. g5 Kc5 56. g6 Kc6 57. g7 Kc5 58. g8=Q Kc6 59. Qc8+ Kb6 60. Qd8+ Ka6 61. Qd6+ Ka5 62. Qc7+ Ka6 63. Qc6+ Ka7 64. Qxb5 Ka8 65. Qb7# 1-0

[Event "*** SCC Grand Prix: Titled Tuesday Blitz"]
[Site "Chess.com"]
[Date "2020.08.25"]
[Round "2"]
[White "Artem_Sadovsky"]
[Black "wonderfultime"]
[Result "0-1"]
[WhiteElo "2550"]
[BlackElo "2891"]
[TimeControl "180+1"]
[EndTime "10:18:56 PDT"]
[Termination "wonderfultime won on time"]

1. Nf3 Nf6 2. g3 d5 3. Bg2 c6 4. O-O Bg4 5. b3 e6 6. Bb2 Nbd7 7. c4 Bd6 8. d3 O-O 9. Nbd2 Qe7 10. Qc2 a5 11. a3 Rfd8 12. Ra2 h6 13. Qb1 e5 14. cxd5 cxd5 15. e4 d4 16. Nc4 b5 17. Nxd6 Qxd6 18.
Rc1 Be6 19. Ba1 a4 20. Rac2 axb3 21. Rc6 Qxa3 22. Bb2 Qa2 23. Bf1 Qxb1 24. Rxb1 Rdc8 25. Rxc8+ Rxc8 26. Be2 Rc2 27. Bd1 Bg4 28. Bxc2 bxc2 29. Rc1 Bxf3 30. Rxc2 g5 31. Kf1 Bd1 32. Rc7 g4 33.
Rb7 Nc5 34. Rxb5 Nxd3 35. Ba3 Nxe4 36. Rb8+ Kh7 37. Rb7 Ng5 38. Be7 Bf3 39. Rd7 Kg6 40. Rd6+ Ne6 41. Bh4 Nc5 42. Rc6 Bxc6 0-1

[Event "*** SCC Grand Prix: Titled Tuesday Blitz"]
[Site "Chess.com"]
[Date "2020.08.25"]
[Round "2"]
[White "nrvisakh"]
[Black "maxip32"]
[Result "1-0"]
[WhiteElo "2802"]
[BlackElo "2433"]
[TimeControl "180+1"]
[EndTime "10:18:56 PDT"]
[Termination "nrvisakh won on time"]

1. e4 c5 2. Nf3 d6 3. Bb5+ Nd7 4. d4 cxd4 5. Qxd4 a6 6. Bxd7+ Bxd7 7. c4 e5 8. Qd3 b5 9. Nc3 Qb8 10. O-O h6 11.
Nd5 Ne7 12. Ne3 Ng6 13. Rd1 Nf4 14. Qc2 Be7 15. g3 Nh3+ 16. Kg2 Ng5 17. Nxg5 hxg5 18. b3 Qb7 19. Ba3 b4 20. Bb2 Bc6 21. f3 g6 22. g4 Kf8 23. c5 dxc5 24. Bxe5 f6 25. Bd6 Re8 26. Nc4 Kf7 27. Na5 Qb6 28. Qc4+ 1-0

[Event "*** SCC Grand Prix: Titled Tuesday Blitz"]
[Site "Chess.com"]
[Date "2020.08.25"]
[Round "2"]
[White "kleopl"]
[Black "ViktoriyaTarasova"]
[Result "1-0"]
[WhiteElo "2451"]
[BlackElo "2227"]
[TimeControl "180+1"]
[EndTime "10:18:57 PDT"]
[Termination "kleopl won by checkmate"]

1. c4 c5 2. Nf3 Nc6 3. Nc3 e5 4. e3 Nf6 5. d4 e4 6. Ng5 cxd4 7. exd4 Bb4 8. d5 Bxc3+ 9. bxc3 Na5 10. Qd4 O-O 11. Be2 Re8 12. d6 b6 13. O-O Ba6 14.
Nh3 Rc8 15. Bg5 Bxc4 16. Bxc4 Rxc4 17. Qd2 h6 18. Bh4 Rc5 19. Qd4 Nc6 20. Qa4 g5 21.
Bg3 Nh5 22. Rad1 f5 23. f4 exf3 24. Rxf3 g4 25. Rxf5 Rxf5 26. Qxg4+ Rg5 27. Nxg5 Qxg5 28. Qc4+ Kh8 29. Qf7 Rg8 30. Qxd7 Nxg3 31. hxg3 Ne5 32. Qh3 Qe3+ 33. Kh1 Qe2 34. Qxh6# 1-0

[Event "*** SCC Grand Prix: Titled Tuesday Blitz"]
[Site "Chess.com"]
[Date "2020.08.25"]
[Round "2"]
[White "LiemLe"]
[Black "EddieMarsalla"]
[Result "1-0"]
[WhiteElo "2934"]
[BlackElo "2557"]
[TimeControl "180+1"]
[EndTime "10:18:58 PDT"]
[Termination "LiemLe won by resignation"]

1. d4 d5 2. Bf4 Bf5 3. e3 e6 4.
Nf3 c6 5. c4 Bxb1 6. Rxb1 Qa5+ 7. Nd2 Bb4 8. a3 Bxd2+ 9. Qxd2 Qxd2+ 10. Kxd2 Nf6 11. Bd3 Nbd7 12. Rhc1 h6 13. h3 O-O 14. b4 a6 15. a4 Rfe8 16. cxd5 Nxd5 17. Bg3 e5 18. Bf5 N5f6 19. dxe5 Nxe5 20. Ke2 Rad8 21. b5 axb5 22. axb5 g6 23. Bc2 Nd5 24. Bb3 Kg7 25. bxc6 bxc6 26. Bxe5+ Rxe5 27. Rxc6 Rb8 28. Bc2 Nb4 29. Rc7 Reb5 30. Be4 Nd5 31. Rxb5 Rxb5 32. Rc2 Ra5 33. g3 Kf6 34. Kf3 Ke5 35. Rc8 f5 36.
Bxd5 Rxd5 37. Rc6 g5 38. Rxh6 Ra5 39. g4 fxg4+ 40. hxg4 Ra8 41. Rg6 Rf8+ 42. Kg3 1-0

[Event "*** SCC Grand Prix: Titled Tuesday Blitz"]
[Site "Chess.com"]
[Date "2020.08.25"]
[Round "2"]
[White "Mr_Sinigami"]
[Black "BogdanDeac"]
[Result "0-1"]
[WhiteElo "2532"]
[BlackElo "2850"]
[TimeControl "180+1"]
[EndTime "10:18:58 PDT"]
[Termination "BogdanDeac won on time"]

1. d4 Nf6 2. Nf3 d5 3. Bf4 c5 4. e3 Nc6 5. c3 Qb6 6. Qc1 Bf5 7. Nbd2 Rc8 8. a3 Nh5 9. Be5 f6 10. Bg3 cxd4 11. exd4 e5 12. Be2 exd4 13. Nh4 Bg6 14.
Qd1 Nxg3 15. hxg3 Bf7 16. Bg4 Rd8 17. O-O Be7 18. Re1 g6 19. Be6 Rd6 20. Bxf7+ Kxf7 21. Qf3 Qxb2 22. Red1 Qxc3 0-1

[Event "*** SCC Grand Prix: Titled Tuesday Blitz"]
[Site "Chess.com"]
[Date "2020.08.25"]
[Round "2"]
[White "Sn00pPawn"]
[Black "juancruzarias"]
[Result "0-1"]
[WhiteElo "2006"]
[BlackElo "2367"]
[TimeControl "180+1"]
[EndTime "10:18:58 PDT"]
[Termination "juancruzarias won on time"]

1. e4 e6 2. d4 d5 3. Nc3 Nf6 4. e5 Nfd7 5. f4 c5 6. Nf3 Nc6 7. Be3 a6 8. Qd2 cxd4 9. Nxd4 Bc5 10. O-O-O O-O 11. g3 Nxd4 12. Bxd4 b5 13. Bg2 Bb7 14. Rhf1 b4 15. Ne2 a5 16. f5 exf5 17. Rxf5 Qc7 18.
Rdf1 a4 19. Rg5 Bxd4 20. Nxd4 Nxe5 21. Nf5 Ng6 22. Qd4 f6 23. Bxd5+ Bxd5 24. Qxd5+ Kh8 25. Rh5 b3 26. axb3 axb3 0-1

[Event "*** SCC Grand Prix: Titled Tuesday Blitz"]
[Site "Chess.com"]
[Date "2020.08.25"]
[Round "2"]
[White "dbrankovic68"]
[Black "Supernotar"]
[Result "0-1"]
[WhiteElo "2477"]
[BlackElo "2716"]
[TimeControl "180+1"]
[EndTime "10:18:59 PDT"]
[Termination "Supernotar won by checkmate"]

1. e4 c6 2. Nc3 d5 3. Nf3 Bg4 4.
h3 Bxf3 5. Qxf3 e6 6. d4 dxe4 7.
Qxe4 Nf6 8. Qd3 Nbd7 9. Bf4 Be7 10. Be2 O-O 11. Qg3 Re8 12. Bh6 Bf8 13. Bg5 Qb6 14. O-O-O a5 15. h4 a4 16. h5 a3 17. b3 Qa5 18. h6 g6 19. Kb1 Bb4 20. Qf4 Nd5 21. Nxd5 cxd5 22. Bd3 Rac8 23. Rh3 Bf8 24. Qd2 Bb4 25.
Qf4 Rc6 26. Rf3 Rf8 27. Rh1 f6 28. Bh4 Bd2 29. Qg4 Qc3 30. Qxg6+ hxg6 31. h7+ Kh8 32. Bxf6+ Nxf6 33. Rxf6 Qb2# 0-1

[Event "*** SCC Grand Prix: Titled Tuesday Blitz"]
[Site "Chess.com"]
[Date "2020.08.25"]
[Round "2"]
[White "Mikasinski"]
[Black "jamalm2"]
[Result "1-0"]
[WhiteElo "2351"]
[BlackElo "1913"]
[TimeControl "180+1"]
[EndTime "10:18:59 PDT"]
[Termination "Mikasinski won on time"]

1. e4 c6 2. d4 d5 3. e5 Bf5 4. h4 h6 5. g4 Bh7 6. e6 fxe6 7.
Bd3 Nf6 8. Bxh7 Rxh7 9. Qd3 Kf7 10. g5 hxg5 11. Nf3 Ne4 12. Nc3 Kg8 13. Nxe4 dxe4 14. Qxe4 Qd5 15. Nxg5 Qxe4+ 16. Nxe4 Rh5 17. Ng5 e5 18. dxe5 Nd7 19. f4 Nb6 20. b3 Rd8 21. Be3 Nd5 22. Bd2 Re8 23. c4 Nc7 24. O-O-O e6 25.
Be3 Na6 26. Rd7 Bc5 27. Bd2 Ba3+ 28. Kb1 Nc5 29. Rc7 1-0

[Event "*** SCC Grand Prix: Titled Tuesday Blitz"]
[Site "Chess.com"]
[Date "2020.08.25"]
[Round "2"]
[White "maximnovik"]
[Black "tdf98pantani"]
[Result "1-0"]
[WhiteElo "2473"]
[BlackElo "2665"]
[TimeControl "180+1"]
[EndTime "10:19:01 PDT"]
[Termination "maximnovik won by resignation"]

1. d4 Nf6 2. c4 g6 3. Nc3 Bg7 4. e4 d6 5. Be2 O-O 6. Nf3 e5 7. Be3 exd4 8. Nxd4 Re8 9. f3 c6 10. Bf2 d5 11. exd5 cxd5 12. c5 Nc6 13. O-O Nh5 14.
Qd2 Be5 15. Rfd1 Nf4 16. Bf1 Ne6 17. Nxe6 fxe6 18. Re1 Qf6 19. Rad1 Bd7 20. Bg3 Bxg3 21. hxg3 Rad8 22. Nb5 b6 23. Nd6 Re7 24. b4 bxc5 25.
bxc5 Rb8 26. Rb1 Rxb1 27. Rxb1 Be8 28. f4 Bf7 29. Bb5 Nd4 30. Bd3 Rc7 31. Rb8+ Kg7 32. Qb4 e5 33. Rb7 Rxb7 34. Qxb7 e4 35. Ne8+ Kf8 36.
Nxf6 exd3 37. Nxh7+ Kg7 38. Ng5 1-0

[Event "*** SCC Grand Prix: Titled Tuesday Blitz"]
[Site "Chess.com"]
[Date "2020.08.25"]
[Round "2"]
[White "Logman74"]
[Black "ChessWarrior3"]
[Result "1-0"]
[WhiteElo "2396"]
[BlackElo "2096"]
[TimeControl "180+1"]
[EndTime "10:19:01 PDT"]
[Termination "Logman74 won by resignation"]

1. c4 c5 2. Nf3 Nf6 3. Nc3 Nc6 4. g3 e5 5. d3 d6 6. Bg2 Be7 7. O-O Kf8 8. a3 g6 9. Bh6+ Kg8 10. Nd2 Ng4 11. Be3 Nxe3 12. fxe3 Bg5 13. Nd5 Be6 14. Ne4 Bxd5 15. cxd5 Bxe3+ 16. Kh1 Nd4 17. Nf6+ Kg7 18. Ng4 Qg5 19. Nf6 Nf5 20. Ne4 Qh5 21. Rf3 Bd4 22.
Qd2 b5 23. e3 Bxe3 24. Rxe3 Nxe3 25. Qxe3 Rad8 26. Rf1 f5 27. Ng5 Rd7 28. Bf3 f4 29.
gxf4 Qh6 30. fxe5 Re8 31. Ne6+ Rxe6 32. Qxh6+ Kxh6 33. dxe6 Re7 34. exd6 Rxe6 35. d7 Rd6 36. Bc6 Kg7 37. Bxb5 a6 38. Ba4 Rxd3 39. Rd1 Rxd1+ 40. Bxd1 1-0

[Event "*** SCC Grand Prix: Titled Tuesday Blitz"]
[Site "Chess.com"]
[Date "2020.08.25"]
[Round "2"]
[White "niki_2003"]
[Black "Cambek64"]
[Result "0-1"]
[WhiteElo "1667"]
[BlackElo "2343"]
[TimeControl "180+1"]
[EndTime "10:19:02 PDT"]
[Termination "Cambek64 won by checkmate"]

1. d4 d5 2. c4 c6 3. g3 Nf6 4. Nf3 Bf5 5. Bg2 e6 6. Nbd2 h6 7. b3 Be7 8. Bb2 O-O 9. O-O Nbd7 10. Nh4 Bh7 11. Re1 Ne4 12. Nxe4 Bxh4 13. Nd2 Bg5 14. f4 Be7 15. e4 dxe4 16. Nxe4 Bb4 17. Re2 Re8 18. c5 Bxe4 19. Bxe4 Nf6 20. Re1 Nxe4 21. Rxe4 Ba5 22. Re1 Bc7 23. Qg4 Qd5 24. Re2 b6 25.
Rae1 bxc5 26. dxc5 Qxc5+ 27. Kh1 Qf8 28. Rc1 Bb6 29.
Rxc6 Rac8 30. Rec2 Rxc6 31. Rxc6 Rd8 32. Bc3 Bd4 33. Bxd4 Rxd4 34. Qf3 Qd8 35. Rc1 Rd2 36. a4 Rd3 37. b4 Rxf3 38. b5 Rf2 39. h3 Qd5+ 40.
Kg1 Qg2# 0-1

[Event "*** SCC Grand Prix: Titled Tuesday Blitz"]
[Site "Chess.com"]
[Date "2020.08.25"]
[Round "2"]
[White "elcandado"]
[Black "SGchess01"]
[Result "1/2-1/2"]
[WhiteElo "2507"]
[BlackElo "2741"]
[TimeControl "180+1"]
[EndTime "10:19:03 PDT"]
[Termination "Game drawn - insufficient material"]

1. d4 Nf6 2. Bf4 b6 3. e3 Bb7 4.
Nf3 g6 5. Be2 Bg7 6. O-O O-O 7. h3 c5 8. c3 d6 9. Bh2 Nbd7 10. Nbd2 a6 11. a4 Ra7 12. Qb3 Qa8 13.
c4 Ne4 14. d5 Nxd2 15. Nxd2 Rb8 16. e4 b5 17. Qc2 bxc4 18. Nxc4 a5 19. Na3 Ba6 20. Nb5 Bxb5 21. Bxb5 Nf6 22. Rad1 Qb7 23. b3 Ne8 24. Rfe1 Nc7 25. Bc4 Qb4 26. f4 Qc3 27.
Qxc3 Bxc3 28. Re2 Rab7 29. e5 Bd4+ 30. Kh1 Rxb3 31. Bxb3 Rxb3 32. exd6 exd6 33. f5 Nxd5 34. Bxd6 Nc3 35. Re8+ Kg7 36. Rf1 gxf5 37. Rxf5 Nxa4 38. Re4 f6 39. g4 Rxh3+ 40. Kg2 Re3 41. Rxe3 Bxe3 42.
Kf3 Bd4 43. Bc7 c4 44. Bxa5 c3 45. Rd5 Be5 46. Rd7+ Kg6 47. Rd8 Kf7 48. Rc8 Ke6 49. Ke4 h6 50. Rc6+ Kd7 51. Rc4 Nb2 52. Rxc3 Bxc3 53.
Bxc3 Nd1 54. Bxf6 Nf2+ 55. Kf5 Nxg4 56. Kxg4 Ke6 57. Kh5 Kxf6 58. Kxh6 1/2-1/2

[Event "*** SCC Grand Prix: Titled Tuesday Blitz"]
[Site "Chess.com"]
[Date "2020.08.25"]
[Round "2"]
[White "lucachess49"]
[Black "ftorodent"]
[Result "1-0"]
[WhiteElo "2484"]
[BlackElo "2683"]
[TimeControl "180+1"]
[EndTime "10:19:04 PDT"]
[Termination "lucachess49 won by checkmate"]

1. d4 f5 2. c4 Nf6 3. Nc3 e6 4.
e3 Bb4 5. Bd3 O-O 6. Ne2 c5 7. a3 Bxc3+ 8. Nxc3 b6 9. d5 exd5 10.
cxd5 d6 11. O-O Qe7 12. h3 Ne4 13. Qc2 Re8 14. f3 Nxc3 15. bxc3 Qf6 16. Bb2 c4 17.
Bxc4 Nd7 18. Bb5 Qf7 19. Bc6 Rb8 20. e4 Rf8 21. c4 Ne5 22. Bxe5 dxe5 23. f4 Qe7 24. Qc3 exf4 25. e5 Qc5+ 26. Kh2 g5 27. Rae1 Ba6 28. e6 Bxc4 29. e7 Rfe8 30. Qf6 Bxf1 31.
Bd7 h6 32. Be6+ Kh7 33. Bxf5+ Kg8 34. Qg6+ Kh8 35. Qh7# 1-0

[Event "*** SCC Grand Prix: Titled Tuesday Blitz"]
[Site "Chess.com"]
[Date "2020.08.25"]
[Round "2"]
[White "aa175"]
[Black "Annagozel"]
[Result "0-1"]
[WhiteElo "2433"]
[BlackElo "1854"]
[TimeControl "180+1"]
[EndTime "10:19:04 PDT"]
[Termination "Annagozel won on time"]

1. d4 d5 2. Bf4 e6 3. e3 Bd6 4. Qg4 g6 5. Nf3 e5 6. Qg3 exf4 7. exf4 Qe7+ 8. Be2 Nf6 9. Ne5 Bf5 10. Qb3 c6 11.
O-O O-O 12. Nc3 c5 13. dxc5 Bxe5 14. fxe5 Qxe5 15. Qxb7 Nbd7 16. c6 Nb6 17. Qa6 d4 18. Nd1 Bxc2 19. Bf3 Qc7 20. Rc1 Bf5 21. a4 Ng4 22. g3 Ne5 23. Bg2 Nbc4 24. Rxc4 Bd3 25. b3 Nxc4 26. bxc4 Bxf1 27. Kxf1 Rab8 28. c5 Rb1 29.
Qd3 Rfb8 30. Bf3 R8b3 31. Qe4 Rb8 0-1

[Event "*** SCC Grand Prix: Titled Tuesday Blitz"]
[Site "Chess.com"]
[Date "2020.08.25"]
[Round "2"]
[White "PauloCesarCosta_sad"]
[Black "SzMM19"]
[Result "0-1"]
[WhiteElo "2275"]
[BlackElo "2540"]
[TimeControl "180+1"]
[EndTime "10:19:04 PDT"]
[Termination "SzMM19 won on time"]

1. Nf3 c5 2. c4 Nc6 3. g3 e5 4. Nc3 g6 5. Bg2 Bg7 6. O-O d6 7.
a3 a5 8. d3 Nge7 9. Ne1 Be6 10.
Nc2 d5 11. cxd5 Nxd5 12. Nxd5 Bxd5 13. Bd2 a4 14. Bc3 Bxg2 15. Kxg2 O-O 16. Ne3 Nd4 17. Bxd4 exd4 18. Nc4 b5 19. Nd2 Qd5+ 20. Kg1 c4 21. dxc4 bxc4 22. Rc1 Rfc8 23. Nf3 Rab8 24. Qd2 d3 25. Rb1 Qe4 26. Rfe1 dxe2 27. Qxe2 Qxe2 28. Rxe2 c3 29. Ne1 cxb2 30. Nd3 Rc3 31. Rexb2 Rxb2 32. Nxb2 Rb3 33. Rd1 Rxb2 34. Rd8+ Bf8 35. Rd4 Rb3 36. Rxa4 Rxa3 37. Ra8 Rxa8 38. Kg2 Ra2 39. h4 Bc5 40. h5 Rxf2+ 41. Kh3 g5 42. Kg4 h6 43. Kh3 Bd6 44.
Kg4 f5+ 45. Kh3 g4+ 0-1